[ PARTIDA AOE2 · #460063569 ]
1v1 RMEslavos vs Vikings
Equipo del jugador · VICT
Equipo rival · DERR
[ ANÁLISIS DE REPETICIÓN · EXTRAÍDO DE LA PARTIDA GRABADA ]
Feudal
9:45
Castillos
23:04
Imperial
—
| APM promedio | 30.7 |
| APM pico | 65 |
| eAPM promedio | 14.2 |
| Aldeanos / militares | 67 / 36 |
Foco
⚔️ 24.4% · 🌾 75.6%
Knight ×19 · Scout Cavalry ×7 · Archer ×4 · Scorpion ×4 · Mangonel ×2
Feudal
10:16
Castillos
27:39
Imperial
—
| APM promedio | 23.0 |
| APM pico | 51 |
| eAPM promedio | 12.9 |
| Aldeanos / militares | 47 / 63 |
Foco
⚔️ 38.4% · 🌾 61.6%
Militia ×45 · Spearman ×18
Mapa de la partida
Recursos al inicio + cada clic de construcción. Línea gruesa = muro · recuadro discontinuo = muro de casas detectado. 🟡 oro · ⚪ piedra · 🟢 bayas · 🔶 jabalí · ⭕ reliquia
Tu base· ✓ Cerrada en 23:04 · 48t muro
Base de SirMacca82· ✓ Cerrada en 27:39 · 27t muro · 1 puerta(s)
Terreno con relieve · ⚠ = hueco de muro detectado · pasá el cursor para detalles
Inputs por minuto
— [M1T1]TRISTE PANCARLINO - - SirMacca82
Build order — [M1T1]TRISTE PANCARLINO
Primeras 150 de 175 acciones detectadas
| 0:00 | Crear | Villager (Male) |
| 0:01 | Crear | Villager (Male) |
| 0:02 | Construir | House |
| 0:04 | Construir | House |
| 0:24 | Crear | Villager (Male) |
| 0:24 | Crear | Villager (Male) |
| 1:25 | Crear | Villager (Male) |
| 1:26 | Crear | Villager (Male) |
| 1:47 | Construir | Lumber Camp |
| 1:59 | Crear | Villager (Male) |
| 2:27 | Crear | Villager (Male) |
| 2:49 | Crear | Villager (Male) |
| 3:03 | Crear | Villager (Male) |
| 3:03 | Crear | Villager (Male) |
| 3:46 | Crear | Villager (Male) |
| 3:54 | Construir | House |
| 3:55 | Construir | Palisade Wall |
| 3:58 | Construir | Palisade Wall |
| 4:09 | Crear | Villager (Male) |
| 4:22 | Crear | Villager (Male) |
| 4:28 | Construir | Mill |
| 4:39 | Construir | Palisade Wall |
| 4:49 | Crear | Villager (Male) |
| 4:49 | Crear | Villager (Male) |
| 4:49 | Crear | Villager (Male) |
| 5:33 | Crear | Villager (Male) |
| 5:50 | Crear | Villager (Male) |
| 5:57 | Construir | House |
| 6:04 | Construir | Palisade Wall |
| 6:10 | Crear | Villager (Male) |
| 6:13 | Investigar | Loom |
| 7:35 | Investigar | Feudal Age |
| 8:02 | Construir | Lumber Camp |
| 8:19 | Construir | Palisade Wall |
| 8:48 | Construir | House |
| 8:53 | Construir | Palisade Wall |
| 9:05 | Construir | Palisade Wall |
| 9:19 | Construir | Barracks |
| 9:21 | Crear | Villager (Male) |
| 9:21 | Crear | Villager (Male) |
| 9:38 | Construir | House |
| 9:39 | Construir | Palisade Wall |
| 9:45 | Edad | Edad Feudal |
| 10:13 | Construir | Stable |
| 10:21 | Crear | Villager (Male) |
| 10:23 | Investigar | Double-Bit Axe |
| 10:44 | Construir | Farm |
| 10:49 | Crear | Villager (Male) |
| 10:57 | Construir | Palisade Wall |
| 11:01 | Construir | Palisade Wall |
| 11:05 | Construir | Farm |
| 11:10 | Crear | Villager (Male) |
| 11:14 | Investigar | Horse Collar |
| 11:34 | Construir | Farm |
| 11:40 | Construir | Farm |
| 11:44 | Construir | Farm |
| 11:50 | Crear | Villager (Male) |
| 11:58 | Construir | Farm |
| 12:08 | Construir | Farm |
| 12:11 | Crear | Villager (Male) |
| 12:20 | Construir | Palisade Wall |
| 12:29 | Construir | House |
| 12:40 | Crear | Scout Cavalry |
| 13:06 | Crear | Villager (Male) |
| 13:06 | Crear | Villager (Male) |
| 13:14 | Construir | House |
| 13:41 | Construir | Farm |
| 13:43 | Construir | Farm |
| 13:45 | Construir | Farm |
| 13:46 | Construir | Farm |
| 13:47 | Construir | Farm |
| 13:48 | Crear | Villager (Male) |
| 13:55 | Construir | House |
| 14:00 | Crear | Scout Cavalry |
| 14:00 | Crear | Scout Cavalry |
| 14:13 | Construir | Palisade Wall |
| 14:22 | Crear | Villager (Male) |
| 14:23 | Crear | Villager (Male) |
| 14:29 | Crear | Scout Cavalry |
| 14:32 | Crear | Villager (Male) |
| 14:32 | Crear | Villager (Male) |
| 14:46 | Construir | Palisade Wall |
| 14:59 | Crear | Villager (Male) |
| 15:02 | Construir | Farm |
| 15:03 | Construir | Farm |
| 15:04 | Crear | Villager (Male) |
| 15:08 | Construir | Farm |
| 15:35 | Crear | Villager (Male) |
| 15:39 | Construir | Farm |
| 15:44 | Crear | Villager (Male) |
| 15:44 | Crear | Villager (Male) |
| 15:49 | Construir | Farm |
| 15:50 | Construir | Farm |
| 16:14 | Construir | Building 796 |
| 16:18 | Construir | Mining Camp |
| 16:23 | Crear | Villager (Male) |
| 16:27 | Construir | Blacksmith |
| 17:10 | Crear | Villager (Male) |
| 17:44 | Crear | Villager (Male) |
| 17:49 | Investigar | Wheelbarrow |
| 18:04 | Investigar | Scale Barding Armor |
| 18:24 | Crear | Scout Cavalry |
| 18:27 | Investigar | Forging |
| 19:00 | Construir | Archery Range |
| 19:05 | Crear | Scout Cavalry |
| 19:20 | Crear | Scout Cavalry |
| 19:47 | Crear | Archer |
| 19:47 | Crear | Archer |
| 19:47 | Crear | Archer |
| 19:51 | Investigar | Fletching |
| 20:24 | Investigar | Castle Age |
| 21:06 | Crear | Archer |
| 21:37 | Construir | Stable |
| 22:02 | Investigar | Gold Mining |
| 22:28 | Investigar | Bloodlines |
| 22:36 | Construir | Mining Camp |
| 22:54 | Construir | Farm |
| 23:04 | Edad | Edad de los Castillos |
| 23:05 | Crear | Knight |
| 23:05 | Crear | Knight |
| 23:05 | Crear | Knight |
| 23:16 | Crear | Villager (Male) |
| 23:17 | Crear | Villager (Male) |
| 23:17 | Crear | Villager (Male) |
| 23:27 | Investigar | Bow Saw |
| 23:28 | Investigar | Heavy Plow |
| 23:36 | Crear | Knight |
| 23:37 | Crear | Knight |
| 23:47 | Construir | Farm |
| 23:51 | Crear | Villager (Male) |
| 24:05 | Investigar | Iron Casting |
| 24:05 | Investigar | Iron Casting |
| 24:18 | Investigar | Chain Barding Armor |
| 24:35 | Investigar | Iron Casting |
| 24:38 | Crear | Villager (Male) |
| 25:04 | Construir | Siege Workshop |
| 25:10 | Crear | Knight ×2 |
| 25:14 | Crear | Villager (Male) |
| 25:23 | Crear | Villager (Male) |
| 26:13 | Crear | Knight ×4 |
| 26:16 | Crear | Villager (Male) |
| 26:18 | Crear | Villager (Male) |
| 26:18 | Crear | Villager (Male) |
| 26:20 | Crear | Villager (Male) |
| 26:34 | Construir | Palisade Gate |
| 26:38 | Construir | Mining Camp |
| 26:50 | Crear | Mangonel |
| 27:20 | Crear | Mangonel |
| 28:20 | Crear | Knight ×5 |
| 28:22 | Crear | Knight |
Build order — SirMacca82
Primeras 150 de 180 acciones detectadas
| 0:00 | Crear | Villager (Male) |
| 0:01 | Crear | Villager (Male) |
| 0:01 | Crear | Villager (Male) |
| 0:04 | Construir | House |
| 0:05 | Construir | House |
| 0:29 | Crear | Villager (Male) |
| 0:29 | Crear | Villager (Male) |
| 1:13 | Crear | Villager (Male) |
| 1:13 | Crear | Villager (Male) |
| 1:56 | Crear | Villager (Male) |
| 1:57 | Crear | Villager (Male) |
| 2:02 | Construir | Lumber Camp |
| 2:26 | Crear | Villager (Male) |
| 2:26 | Crear | Villager (Male) |
| 2:58 | Investigar | Loom |
| 3:30 | Crear | Villager (Male) |
| 3:34 | Construir | Mill |
| 4:00 | Crear | Villager (Male) |
| 4:01 | Crear | Villager (Male) |
| 4:02 | Crear | Villager (Male) |
| 4:02 | Crear | Villager (Male) |
| 4:35 | Crear | Villager (Male) |
| 4:35 | Crear | Villager (Male) |
| 4:44 | Construir | House |
| 5:23 | Crear | Villager (Male) |
| 5:23 | Crear | Villager (Male) |
| 5:56 | Crear | Villager (Male) |
| 6:10 | Crear | Villager (Male) |
| 6:10 | Crear | Villager (Male) |
| 8:06 | Investigar | Feudal Age |
| 8:29 | Construir | Mining Camp |
| 8:35 | Construir | Barracks |
| 8:41 | Construir | Palisade Wall |
| 9:19 | Crear | Villager (Male) |
| 9:29 | Construir | House |
| 9:47 | Crear | Militia |
| 9:47 | Crear | Militia |
| 10:16 | Edad | Edad Feudal |
| 10:26 | Crear | Villager (Male) |
| 10:35 | Construir | House |
| 10:38 | Investigar | Double-Bit Axe |
| 10:48 | Investigar | Man-at-Arms (upgrade) |
| 10:55 | Crear | Villager (Male) |
| 11:19 | Construir | Blacksmith |
| 11:21 | Crear | Villager (Male) |
| 11:40 | Investigar | Horse Collar |
| 12:47 | Crear | Villager (Male) |
| 12:48 | Crear | Villager (Male) |
| 13:22 | Construir | Farm |
| 13:22 | Construir | Farm |
| 13:23 | Construir | Farm |
| 13:23 | Construir | Farm |
| 13:23 | Construir | Farm |
| 13:23 | Construir | Farm |
| 13:24 | Construir | Farm |
| 13:24 | Construir | Farm |
| 13:24 | Construir | Farm |
| 13:24 | Construir | Farm |
| 13:24 | Construir | Farm |
| 13:25 | Construir | Farm |
| 13:57 | Construir | House |
| 13:59 | Construir | House |
| 14:09 | Crear | Villager (Male) |
| 14:14 | Crear | Militia |
| 14:43 | Crear | Militia |
| 15:23 | Crear | Villager (Male) |
| 15:36 | Crear | Militia |
| 15:36 | Crear | Militia |
| 15:42 | Construir | Farm |
| 15:50 | Construir | Palisade Wall |
| 16:06 | Crear | Villager (Male) |
| 16:13 | Construir | House |
| 16:20 | Construir | Palisade Wall |
| 16:23 | Crear | Villager (Male) |
| 16:32 | Construir | Palisade Wall |
| 16:36 | Crear | Villager (Male) |
| 16:40 | Crear | Militia |
| 16:42 | Investigar | Arson |
| 17:25 | Crear | Militia |
| 17:26 | Crear | Militia |
| 17:49 | Construir | House |
| 17:55 | Construir | Palisade Wall |
| 18:05 | Crear | Villager (Male) |
| 18:05 | Crear | Villager (Male) |
| 18:11 | Crear | Militia |
| 18:17 | Investigar | Scale Mail Armor |
| 18:18 | Investigar | Forging |
| 18:33 | Construir | Palisade Wall |
| 19:07 | Crear | Villager (Male) |
| 19:07 | Crear | Villager (Male) |
| 19:07 | Crear | Villager (Male) |
| 19:11 | Crear | Militia |
| 19:11 | Crear | Militia |
| 19:44 | Crear | Villager (Male) |
| 19:48 | Crear | Militia |
| 19:49 | Crear | Militia |
| 20:25 | Crear | Villager (Male) |
| 20:28 | Crear | Militia |
| 20:29 | Crear | Militia |
| 20:43 | Construir | Farm |
| 20:47 | Construir | Farm |
| 20:49 | Construir | Farm |
| 20:56 | Construir | Farm |
| 20:58 | Construir | Farm |
| 20:59 | Construir | Farm |
| 21:02 | Construir | Farm |
| 21:10 | Construir | Palisade Gate |
| 21:49 | Crear | Militia |
| 21:49 | Crear | Militia |
| 21:50 | Crear | Militia |
| 21:50 | Crear | Militia |
| 21:50 | Crear | Militia |
| 21:50 | Crear | Militia |
| 22:11 | Construir | Barracks |
| 22:12 | Construir | Barracks |
| 22:14 | Construir | Barracks |
| 22:21 | Construir | Palisade Wall |
| 22:34 | Crear | Villager (Male) |
| 22:35 | Crear | Villager (Male) |
| 22:35 | Crear | Villager (Male) |
| 22:35 | Crear | Villager (Male) |
| 22:46 | Investigar | Gold Mining |
| 23:06 | Construir | Lumber Camp |
| 23:32 | Construir | Farm |
| 23:39 | Construir | Archery Range |
| 23:41 | Construir | Archery Range |
| 24:15 | Construir | Market |
| 24:19 | Crear | Villager (Male) |
| 24:59 | Investigar | Castle Age |
| 25:12 | Crear | Militia |
| 25:13 | Crear | Militia |
| 25:13 | Crear | Militia |
| 25:13 | Crear | Militia |
| 25:13 | Crear | Militia |
| 25:14 | Crear | Militia |
| 25:14 | Crear | Militia |
| 25:14 | Crear | Militia |
| 25:23 | Construir | House |
| 25:25 | Construir | House |
| 25:27 | Construir | House |
| 25:34 | Construir | House |
| 26:21 | Crear | Villager (Male) |
| 26:25 | Crear | Militia |
| 26:25 | Crear | Militia |
| 26:25 | Crear | Militia |
| 26:25 | Crear | Militia |
| 26:26 | Crear | Militia |
| 26:26 | Crear | Militia |
| 26:26 | Crear | Militia |
| 26:27 | Crear | Militia |
Cronología de la partida
| 3:55 | [M1T1]TRISTE PANCARLINO · wall_segment Palisade Wall x1 |
| 3:58 | [M1T1]TRISTE PANCARLINO · wall_segment Palisade Wall x4 |
| 4:39 | [M1T1]TRISTE PANCARLINO · wall_segment Palisade Wall x6 |
| 6:04 | [M1T1]TRISTE PANCARLINO · wall_segment Palisade Wall x6 |
| 8:19 | [M1T1]TRISTE PANCARLINO · wall_segment Palisade Wall x3 |
| 8:35 | SirMacca82 · first_building Barracks |
| 8:41 | SirMacca82 · wall_segment Palisade Wall x1 |
| 8:53 | [M1T1]TRISTE PANCARLINO · wall_segment Palisade Wall x7 |
| 9:05 | [M1T1]TRISTE PANCARLINO · wall_segment Palisade Wall x1 |
| 9:19 | [M1T1]TRISTE PANCARLINO · first_building Barracks |
| 9:39 | [M1T1]TRISTE PANCARLINO · wall_segment Palisade Wall x1 |
| 9:45 | [M1T1]TRISTE PANCARLINO · age_up feudal |
| 10:13 | [M1T1]TRISTE PANCARLINO · first_building Stable |
| 10:16 | SirMacca82 · age_up feudal |
| 10:57 | [M1T1]TRISTE PANCARLINO · wall_segment Palisade Wall x8 |
| 11:01 | [M1T1]TRISTE PANCARLINO · wall_segment Palisade Wall x6 |
| 12:20 | [M1T1]TRISTE PANCARLINO · wall_segment Palisade Wall x1 |
| 14:13 | [M1T1]TRISTE PANCARLINO · wall_segment Palisade Wall x6 |
| 14:46 | [M1T1]TRISTE PANCARLINO · wall_segment Palisade Wall x4 |
| 15:50 | SirMacca82 · wall_segment Palisade Wall x4 |
| 16:20 | SirMacca82 · wall_segment Palisade Wall x6 |
| 16:32 | SirMacca82 · wall_segment Palisade Wall x5 |
| 17:55 | SirMacca82 · wall_segment Palisade Wall x9 |
| 18:33 | SirMacca82 · wall_segment Palisade Wall x1 |
| 19:00 | [M1T1]TRISTE PANCARLINO · first_building Archery Range |
| 22:21 | SirMacca82 · wall_segment Palisade Wall x5 |
| 23:04 | [M1T1]TRISTE PANCARLINO · age_up castle |
| 23:39 | SirMacca82 · first_building Archery Range |
| 25:04 | [M1T1]TRISTE PANCARLINO · first_building Siege Workshop |
| 25:08 | SirMacca82 · first_market_sell 100 wood |
| 27:39 | SirMacca82 · age_up castle |
| 31:36 | SirMacca82 · first_market_buy 100 food |
| 32:54 | SirMacca82 · wall_segment Palisade Wall x1 |
| 33:21 | SirMacca82 · resign |
[ ANÁLISIS IA · 1 CRÉDITO ]
¿Qué pasó realmente en esta partida?
Wolo.gg analiza cada decisión: build order, eco, micro, errores típicos por bracket. Análisis personalizado por WhatsApp o Discord en 30 segundos.
Guía civ
Eslavos
Guía mapa
Arabia
Perfil
[M1T1]TRISTE PANCARLINO